 Dungeon Crawl Stone Soup version 0.30-a0-748-ge6a52f7cba (webtiles) character file.

Game seed: 11220540591336010113

3742 scionoferis the Nimble (level 9, -7/74 HPs)
             Began as a Demigod Hexslinger on Feb 8, 2023.
             Mangled by a vampire (10 damage)
             ... on level 8 of the Dungeon.
             The game lasted 00:26:26 (8193 turns).

scionoferis the Nimble (Demigod Hexslinger)         Turns: 8193, Time: 00:26:26

Health: -7/74      AC:  6    Str: 11    XL:     9   Next: 62%
Magic:  13/13      EV: 19    Int: 18    God:
Gold:   157        SH:  0    Dex: 26    Spells: 9/10 levels left

rFire   . . .      SeeInvis .    a - +4 long sword
rCold   + . .      Faith    .    (no shield)
rNeg    + . .      Spirit   .    L - +1 robe {Archmagi}
rPois   +          Reflect  .    u - +0 helmet
rElec   +          Harm     .    (no cloak)
rCorr   +          Rampage  .    q - +0 pair of gloves
Will    .....      Archmagi +    n - +0 pair of boots of Suxycuarim {rN+ rCorr}
Stlth   ++++                     C - amulet "Nioshretz" {Acrobat rElec Int+3}
HPRegen 0.32/turn                s - ring of poison resistance
MPRegen 0.13/turn                O - ring of protection from cold

@: no status effects
A: high MP 1, forlorn, divine attributes
a: no special abilities


You were on level 8 of the Dungeon.
You visited 1 branch of the dungeon, and saw 8 of its levels.

You collected 388 gold pieces.
You spent 231 gold pieces at shops.


Innate Abilities, Weirdness & Mutations

You have an increased reservoir of magic. (+10% MP)
You shall have no god before yourself.
Your divine heritage dramatically boosts your attributes as you level up.


   Skills:
 - Level 5.0 Fighting
 * Level 7.7 Long Blades
 - Level 1.7 Ranged Weapons
 * Level 8.2 Dodging
 - Level 5.0 Stealth
 - Level 1.0 Spellcasting
 - Level 2.6 Hexes


You had 9 spell levels left.
You knew the following spells:

 Your Spells              Type           Power      Damage    Failure   Level
a - Slow                  Hex            60%        N/A       7%          1

Your spell library contained the following spells:

 Spells                   Type           Power      Damage    Failure   Level
 Tukima's Dance           Hex            15%        N/A       21%         3
 Inner Flame              Hex/Fire       8%         N/A       34%         3
 Portal Projectile        Hex/Tloc       16%        N/A       34%         3
 Cause Fear               Hex            7%         N/A       54%         4
 Blade Hands              Tmut           0%         N/A       99%         5

Inventory:

Hand Weapons
 a - a +4 long sword (weapon)
   (You took it off a wight on level 7 of the Dungeon)
 b - a +0 shortbow
   (You found it on level 3 of the Dungeon)
 d - a +0 dagger of draining
   (You took it off a kobold on level 8 of the Dungeon)
 z - a +1 sling
 K - a +2 short sword of speed
   (You took it off a kobold on level 1 of the Dungeon)
 M - a +2 great sword
   (You took it off a wight on level 7 of the Dungeon)
Missiles
 c - 2 boomerangs
 p - 9 poisoned darts (quivered)
 y - 2 throwing nets
Armour
 f - the +1 leather armour "Jeyn" {Harm rPois Int+3}
   (You found it on level 4 of the Dungeon)

   Int:       It affects your intelligence (+3).
   rPois:     It protects you from poison.
   Harm:      It increases damage dealt and taken.
 n - the +0 pair of boots of Suxycuarim (worn) {rN+ rCorr}
   (You acquired it on level 7 of the Dungeon)

   rN:        It protects you from negative energy.
   rCorr:     It protects you from acid and corrosion.
 q - a +0 pair of gloves (worn)
   (You found it on level 3 of the Dungeon)
 u - a +0 helmet (worn)
   (You took it off Robin on level 3 of the Dungeon)
 L - a +1 robe of the Archmagi (worn)
   (You took it off a wight on level 7 of the Dungeon)
Jewellery
 s - a ring of poison resistance (left hand)
   (You found it on level 5 of the Dungeon)
 C - the amulet "Nioshretz" (around neck) {Acrobat rElec Int+3}
   (You acquired it on level 7 of the Dungeon)

   [amulet of the acrobat]

   It increases your evasion while moving and waiting.
   Int:       It affects your intelligence (+3).
   rElec:     It insulates you from electricity.
 O - a ring of protection from cold (right hand)
   (You found it on level 7 of the Dungeon)
Wands
 H - a wand of polymorph (2)
   (You found it on level 7 of the Dungeon)
 I - a wand of paralysis (6)
   (You found it on level 7 of the Dungeon)
Scrolls
 e - 4 scrolls of noise
 g - a scroll of fear
 h - 3 scrolls of vulnerability
 i - 2 scrolls of teleportation
 j - a scroll of poison
 m - a scroll of enchant armour
 r - 2 scrolls of magic mapping
 B - a scroll of immolation
 G - 2 scrolls of amnesia
 J - 3 scrolls of blinking
 P - a scroll of enchant weapon
Potions
 k - 3 potions of heal wounds
 l - 3 potions of magic {unknown}
 o - 3 potions of curing
 t - a potion of ambrosia {unknown}
 v - a potion of haste {unknown}
 w - 2 potions of attraction {unknown}
 x - 2 potions of flight {unknown}
 A - 2 potions of might
 D - a potion of lignification {unknown}
 E - a potion of invisibility

Dungeon Overview and Level Annotations

Branches:
Dungeon (8/15)             Temple (0/1) D:5
   Lair: D:8-11

Shops:
D:3 !   D:5 *:*   D:7 :

Annotations:
D:2 need dig for scroll
D:8 Grum

#....~.~~....####+######
###.#..~~~..............
#.#..~~...............
#..~.~~...............
###.~.~...............
#..~≈~..............
#..~~~~..........>..
#~.~~~.......<......
##.~~~...{@.........
#.≈≈.#.............
#~≈≈...............
##≈≈#.............. #≈
########.###### .# .#


There were no monsters in sight!


Message History

a - a +2 short sword of speed (weapon)
b - a +0 shortbow (weapon)
There is a stone staircase leading down here.
You shoot an arrow. The arrow hits the white imp.
The white imp shouts!
The white imp is moderately wounded.
The white imp gestures at you. The puff of frost hits you.
You shoot an arrow. The arrow hits the white imp.
The white imp is moderately wounded.
You shoot an arrow. The arrow hits the white imp.
The white imp is heavily wounded.
You shoot an arrow.
The arrow hits the white imp but does no damage.
The white imp is heavily wounded.
Your hands tingle!
a - a +2 short sword of speed (weapon)
You barely miss the white imp.
The white imp is heavily wounded.
The white imp gestures at you. The puff of frost hits you!
You closely miss the white imp.
The white imp is heavily wounded.
The white imp hits you. The white imp freezes you.
You hit the white imp.
You kill the white imp!
No target in view!
b - a +0 shortbow (weapon)
HP restored.
You shoot an arrow.
The arrow hits the sky beast but does no damage.
You shoot an arrow.
The arrow hits the sky beast but does no damage.
You shoot an arrow. The arrow hits the sky beast.
The sky beast is moderately wounded.
You shoot an arrow. The arrow hits the sky beast.
The sky beast is moderately wounded.
You shoot an arrow. The arrow hits the sky beast.
The sky beast is heavily wounded.
The sky beast misses you.
Your hands tingle!
a - a +2 short sword of speed (weapon)
You hit the sky beast.
The sky beast is heavily wounded.
The sky beast misses you.
You hit the sky beast.
The sky beast is severely wounded.
You closely miss the sky beast.
The sky beast is severely wounded.
The sky beast completely misses you.
You hit the sky beast.
The sky beast is almost dead.
You hit the sky beast.
You kill the sky beast!
No target in view!
b - a +0 shortbow (weapon)
You see here a sky beast corpse.
You now have 112 gold pieces (gained 20).
A wight comes into view. It is wielding a +4 long sword.
You shoot an arrow. The arrow barely misses the wight.
You shoot an arrow. The arrow barely misses the wight.
You shoot an arrow.
The arrow hits the wight but does no damage.
A wight comes into view.
It is wielding a +3 spear and wearing a +1 robe of the Archmagi.
Press: ? - help, v - describe, . - travel
Here: a wight, wielding a +4 long sword and wearing a +0 robe The floor.
K - a +2 great sword (weapon)
A wight comes into view. It is wielding a +1 mace.
You slice the wight!!
You destroy the wight!
The wight hits you with a +3 spear.
You barely miss the wight. The wight hits you with a +3 spear.
You feel drained. The wight hits you with a +3 spear!
You slash the wight!
The wight is heavily damaged.
You slice the wight!!
You destroy the wight!
Your life force feels restored.
You barely miss the wight. The wight hits you with a +1 mace!
You feel drained. The wight hits you with a +1 mace.
You feel drained.
You hit the wight.
The wight is lightly damaged.
The wight misses you.
You closely miss the wight.
The wight is lightly damaged.
The wight hits you but does no damage. The wight closely misses you.
You barely miss the wight.
The wight is lightly damaged.
The wight hits you with a +1 mace.
You feel drained.
You closely miss the wight.
The wight is lightly damaged.
The wight hits you with a +1 mace.
You closely miss the wight.
The wight is lightly damaged.
The wight hits you with a +1 mace! The wight misses you.
You hit the wight.
The wight is moderately damaged.
The wight closely misses you.
You hit the wight.
The wight is severely damaged.
The wight hits you with a +1 mace. x2
* * * LOW HITPOINT WARNING * * *
You slash the wight!
You destroy the wight!
You see here a +0 helmet.
There is a stone staircase leading up here.
You climb upwards.
There is a stone staircase leading down here.
You start resting.
HP restored.
You climb downwards.
There is a stone staircase leading up here.
You see here a +0 helmet.
There is a stone staircase leading up here.
Things that are here:
a +0 ring mail; a +0 club
Items here: )) [[.
L - a +1 robe of the Archmagi
M - a +4 long sword
Things that are here:
a +0 robe; a +1 mace
o - 3 potions of curing (gained 1)
Things that are here:
a +0 ring mail; a +0 club
There is a stone staircase leading up here.
You climb upwards.
There is a stone staircase leading down here.
You start removing your armour.
You continue taking off your +0 robe. x4
You finish taking off your +0 robe.
You start putting on your armour.
You continue putting on your +1 robe of the Archmagi. x5
You finish putting on your +1 robe of the Archmagi.
You feel powerful.
You drop a +0 robe.
There is a stone staircase leading down here.
Adjust to which letter? (? for menu, Esc to quit)
a - a +2 great sword (weapon);
K - a +2 short sword of speed You climb downwards.
There is a stone staircase leading up here.
b - a +0 shortbow (weapon)
You shoot an arrow.
The arrow barely misses the orc warrior.
You shoot an arrow.
The arrow completely misses the orc warrior.
a - a +2 great sword (weapon)
Throw: 6 darts (poison)
Press: ? - help, Q - select action, (/) - cycle Shift-Dir - straight line, f/p - orc warrior
Aim: an orc warrior, wielding a +0 dire flail and wearing a +0 plate armour (65% to hit)
You throw a poisoned dart. The poisoned dart hits the orc warrior.
You slice the orc warrior!!
The orc warrior is severely wounded.
The orc warrior hits you with a +0 dire flail!
You hit the orc warrior.
The orc warrior is almost dead.
The orc warrior barely misses you. The orc warrior completely misses you.
You slice the orc warrior!!
You kill the orc warrior!
Your life force feels restored.
Your Long Blades skill increases to level 6!
b - a +0 shortbow (weapon)
HP restored.
Things that are here:
a +0 dire flail; a +0 plate armour
p - 6 poisoned darts (gained 1)
Found 6 stones.
You see here 6 stones.
F - 2 scrolls of identify (gained 1)
An orc wizard comes into view. It is wielding a +0 dagger.
Found 15 gold pieces.
The orc wizard shouts!
You hear a shout! x4
An orc warrior comes into view. It is wielding a +0 short sword.
An orc priest comes into view. It is wielding a +0 whip.
The orc warrior throws a boomerang.
The boomerang hits you.
The orc wizard points at you and mumbles some strange words.
The puff of flame misses you.
An orc comes into view. It is wielding a +0 club.
The orc warrior throws a boomerang.
The boomerang misses you.
Fire: b) +0 shortbow
Press: ? - help, Q - select action, (/) - cycle Shift-Dir - straight line, f - orc warrior
Aim: an orc warrior, wielding a +0 short sword, wearing a +0 chain mail and quivering boomerangs (62% to hit)
You shoot an arrow. The arrow hits the orc warrior.
The orc warrior is lightly wounded.
Fire: b) +0 shortbow
Press: ? - help, Q - select action, (/) - cycle Shift-Dir - straight line, f/p - orc warrior
Aim: an orc warrior, wielding a +0 short sword, wearing a +0 chain mail and quivering boomerangs (lightly wounded, 62% to hit)
You shoot an arrow.
The arrow barely misses the orc warrior.
The orc warrior throws a boomerang.
The boomerang hits you but does no damage.
Fire: b) +0 shortbow
Press: ? - help, Q - select action, (/) - cycle Shift-Dir - straight line, f - orc wizard, p - orc warrior
Aim: an orc wizard, wielding a +0 dagger and wearing a +0 robe (59% to hit)
You shoot an arrow.
The arrow closely misses the orc warrior.
The arrow hits the orc wizard.
The orc wizard is lightly wounded.
The orc warrior throws a boomerang.
The boomerang hits you!
The orc warrior throws a boomerang.
The boomerang hits you!
Fire: b) +0 shortbow
Press: ? - help, Q - select action, (/) - cycle Shift-Dir - straight line, f/p - orc wizard
Aim: an orc wizard, wielding a +0 dagger and wearing a +0 robe (lightly wounded, 59% to hit)
You shoot an arrow. The arrow barely misses the orc wizard.
Fire: b) +0 shortbow
Press: ? - help, Q - select action, (/) - cycle Shift-Dir - straight line, p - orc wizard You shoot an arrow.
The arrow barely misses the orc wizard.
Fire: b) +0 shortbow
Press: ? - help, Q - select action, (/) - cycle Shift-Dir - straight line, f - orc wizard
Aim: an orc wizard, wielding a +0 dagger and wearing a +0 robe (lightly wounded, 59% to hit)
You shoot an arrow. The arrow barely misses the orc wizard.
The orc shouts!
The orc warrior throws a boomerang.
The boomerang closely misses you.
The orc wizard mumbles some strange words.
The orc wizard flickers and vanishes!
Deactivating autopickup; reactivate with Ctrl-A.
Fire: b) +0 shortbow
Press: ? - help, Q - select action, (/) - cycle Shift-Dir - straight line, f - orc
Aim: an orc, wielding a +0 club and wearing a +0 ring mail (69% to hit)
Okay, then.
Unknown command.
The orc warrior throws a boomerang.
The boomerang hits you.
There is a stone staircase leading up here.
Fire: b) +0 shortbow
Press: ? - help, Q - select action, (/) - cycle Shift-Dir - straight line, f - orc warrior
Aim: an orc warrior, wielding a +0 short sword, wearing a +0 chain mail and quivering boomerangs (lightly wounded, 62% to hit)
You shoot an arrow.
The arrow barely misses the orc warrior.
The orc warrior throws a boomerang.
The boomerang hits you but does no damage.
Fire: b) +0 shortbow
Press: ? - help, Q - select action, (/) - cycle Shift-Dir - straight line, f/p - orc warrior
Aim: an orc warrior, wielding a +0 short sword, wearing a +0 chain mail and quivering boomerangs (lightly wounded, 62% to hit)
You shoot an arrow.
The arrow completely misses the orc warrior.
The orc warrior throws a boomerang.
The boomerang closely misses you.
Fire: b) +0 shortbow
Press: ? - help, Q - select action, (/) - cycle Shift-Dir - straight line, f/p - orc warrior
Aim: an orc warrior, wielding a +0 short sword, wearing a +0 chain mail and quivering boomerangs (lightly wounded, 62% to hit)
You shoot an arrow.
The arrow closely misses the orc warrior.
Fire: b) +0 shortbow
Press: ? - help, Q - select action, (/) - cycle Shift-Dir - straight line, f/p - orc warrior
Aim: an orc warrior, wielding a +0 short sword, wearing a +0 chain mail and quivering boomerangs (lightly wounded, 62% to hit)
You shoot an arrow.
The arrow barely misses the orc warrior.
You hear a shout! x2
a - a +2 great sword (weapon)
The orc warrior hits you with a +0 short sword.
The orc priest calls upon Beogh to heal the orc warrior.
The orc warrior's wounds heal themselves!
Something hits you but does no damage.
The orc warrior hits you with a +0 short sword!
Something hits you.
You climb upwards.
Reactivating autopickup.
There is a stone staircase leading down here.
You hit the orc warrior.
The orc warrior is moderately wounded.
Something hits you but does no damage.
Deactivating autopickup; reactivate with Ctrl-A.
The orc warrior completely misses you.
You hit the orc warrior but do no damage.
The orc warrior is moderately wounded.
Something hits you but does no damage. The orc warrior misses you.
Something hits you.
The orc warrior hits you with a +0 short sword.
You closely miss the orc warrior.
The orc warrior is moderately wounded.
Something hits you but does no damage. The orc warrior closely misses you.
You slash the orc warrior!
The orc warrior is severely wounded.
Something hits you but does no damage. The orc warrior completely misses you.
Something barely misses you. The orc warrior completely misses you.
You slash the orc warrior!
You kill the orc warrior!
An orc wizard appears from thin air!
Reactivating autopickup.
The orc wizard hits you but does no damage.
You slash the orc wizard!
You kill the orc wizard!
Things that are here:
a +0 dagger; a +0 robe; an orc corpse
Things that are here:
a +0 short sword; 2 boomerangs; a +0 chain mail
c - 2 boomerangs
There is a stone staircase leading down here.
You start resting.
HP restored.
You climb downwards.
There is a stone staircase leading up here.
The orc priest calls down the wrath of Beogh upon you.
Beogh smites you!
You slice the orc priest!!
You kill the orc priest!
The orc hits you with a +0 club.
You slash the orc!
You kill the orc!
Items here: )) [ †.
b - a +0 shortbow (weapon)
HP restored.
Found an escape hatch in the ceiling.
There is an escape hatch in the ceiling here.
Found a dagger.
N - a scroll labelled VATZOZ PUWKULI
As you read the scroll of identify, it crumbles to dust.
N - a scroll of acquirement You now have 127 gold pieces (gained 15).
An orc comes into view. It is wielding a +0 club.
The orc moves out of view.
An ogre comes into view.
It is wielding a +0 giant spiked club. 2 orcs come into view.
The orc shouts! x2; You hear a shout!
The orc shouts!
An orc wizard comes into view. It is wielding a +0 dagger.
The orc completely misses you. The orc attacks as you move away!
The orc completely misses you.
a - a +2 great sword (weapon)
You slice the orc!!
You kill the orc!
An orc comes into view. It is wielding a +0 hand axe.
The orc wizard mumbles some strange words.
The orc wizard flickers and vanishes!
Deactivating autopickup; reactivate with Ctrl-A.
You completely miss the orc. The orc hits you with a +0 short sword.
You slash the orc!
You kill the orc!
You slash the orc!
You kill the orc!
Something hits you but does no damage.
Items here: ! ))) [[ †.
You hit something. Something hits you but does no damage.
You barely miss something. Something barely misses you.
Something hits you but does no damage.
You miss something. Something barely misses you.
You closely miss something. Something hits you but does no damage.
You miss something.
Something hits you but does no damage. x2
You slash something!
You hear some strange, mumbled words.
A magic dart appears from out of thin air!
The magic dart hits you.
You miss something. Something hits you but does no damage.
You hit something.
Reactivating autopickup.
You feel a bit more experienced. The orc hits you but does no damage.
You completely miss the orc. The orc misses you.
You hit the orc but do no damage. The orc misses you.
The orc closely misses you.
You closely miss the orc. The orc hits you but does no damage.
You barely miss the orc. The orc closely misses you.
You slice the orc!!
You kill the orc!
No target in view!
Items here: ! )) [[.
Okay, then.
Unknown command.
Found an escape hatch in the floor.
Found a scroll of amnesia and a knobbly golden ring.
A bullfrog comes into view.
b - a +0 shortbow (weapon)
You shoot an arrow.
The arrow hits the bullfrog but does no damage.
You shoot an arrow. The arrow hits the bullfrog!
The bullfrog is heavily wounded.
a - a +2 great sword (weapon)
You slash the bullfrog!
You kill the bullfrog!
You have reached level 9!
Your experience leads to a dramatic increase in your attributes!
Increase (S)trength, (I)ntelligence, or (D)exterity?
You feel agile. x4
O - a ring of protection from cold
O - a ring of protection from cold (right hand)
b - a +0 shortbow (weapon)
d - a +0 dagger (weapon)
The ogre shouts!
a - a +2 great sword (weapon)
You barely miss the ogre. The ogre barely misses you.
You slash the ogre!
The ogre is moderately wounded.
The ogre closely misses you.
You slice the ogre!!
You kill the ogre!
Things that are here:
a +0 giant spiked club; an ogre corpse
b - a +0 shortbow (weapon)
G - 2 scrolls of amnesia (gained 1)
A phantom comes into view.
You shoot an arrow. The arrow hits the phantom.
The phantom is lightly damaged.
You shoot an arrow.
The arrow hits the phantom but does no damage.
The phantom is lightly damaged.
You shoot an arrow. The arrow hits the phantom.
The phantom is lightly damaged.
You shoot an arrow. The arrow hits the phantom!
The phantom is heavily damaged.
a - a +2 great sword (weapon)
You slice the phantom!!
You destroy the phantom!
Your Dodging skill increases to level 7!
b - a +0 shortbow (weapon)
Found a long sword.
You see here a +0 long sword.
You now have 140 gold pieces (gained 13).
N - 2 scrolls of acquirement (gained 1)
A bullfrog comes into view.
You shoot an arrow.
The arrow hits the bullfrog but does no damage.
The bullfrog gives a loud, deep croak!
You shoot an arrow. The arrow barely misses the bullfrog.
You shoot an arrow. The arrow closely misses the bullfrog.
The bullfrog hits you.
a - a +2 great sword (weapon)
You closely miss the bullfrog. The bullfrog completely misses you.
The bullfrog barely misses you.
You slice the bullfrog!!
You kill the bullfrog!
Training target 5.0 for Stealth reached!
Your Stealth skill increases to level 5!
No target in view!
b - a +0 shortbow (weapon)
P - a scroll labelled DEGGUBL NUEMNEH An ice beast comes into view.
Found a hand axe.
You shoot an arrow.
The arrow hits the ice beast but does no damage.
You shoot an arrow. The arrow hits the ice beast.
The ice beast is lightly wounded.
You shoot an arrow. The arrow hits the ice beast.
The ice beast is moderately wounded.
a - a +2 great sword (weapon)
You slice the ice beast!!
You kill the ice beast!
No target in view!
As you read the scroll of identify, it crumbles to dust.
P - a scroll of enchant weapon
b - a +0 shortbow (weapon)
A water moccasin comes into view.
You shoot an arrow. The arrow hits the water moccasin.
The water moccasin hisses angrily.
The water moccasin is lightly wounded.
You shoot an arrow. The arrow misses the water moccasin.
You shoot an arrow.
The arrow closely misses the water moccasin.
Okay, then.
Unknown command.
Press: ? - help, v - describe, . - travel
Here: a water moccasin (lightly wounded)
The floor.
Unknown command.
M - a +4 long sword (weapon)
The water moccasin bites you but does no damage.
You slash the water moccasin!
The water moccasin is heavily wounded.
The water moccasin completely misses you. x2
You closely miss the water moccasin.
The water moccasin is heavily wounded.
The water moccasin completely misses you.
You hit the water moccasin.
The water moccasin is heavily wounded.
The water moccasin misses you. The water moccasin closely misses you.
You barely miss the water moccasin.
The water moccasin is heavily wounded.
The water moccasin bites you.
You hit the water moccasin.
The water moccasin is severely wounded.
The water moccasin barely misses you.
You slash the water moccasin!
You kill the water moccasin!
a - a +2 great sword (weapon)
You see here a water moccasin corpse.
Found Beomaso's Tremendous Tomes.
b - a +0 shortbow (weapon)
There is an entrance to Beomaso's Tremendous Tomes here.
Unknown command.
Things that are here:
a +0 robe; a +1 mace Done exploring.
There is a stone staircase leading down here.
Unknown command.
You climb downwards.
Found 18 gold pieces.
There is a stone staircase leading up here.
You shoot an arrow. The arrow hits the kobold!
You kill the kobold!
The kobold brigand shouts!
You shoot an arrow. The arrow misses the kobold brigand.
You shoot an arrow. The arrow hits the kobold brigand.
The kobold brigand is lightly wounded.
A kobold comes into view. It is wielding a +0 short sword.
You shoot an arrow. The kobold shouts!
The arrow hits the kobold brigand but does no damage.
The kobold brigand is lightly wounded.
A kobold comes into view. It is wielding a +0 whip.
a - a +2 great sword (weapon)
The kobold brigand completely misses you.
You completely miss the kobold brigand.
The kobold brigand is lightly wounded.
The kobold brigand closely misses you.
You barely miss the kobold brigand.
The kobold brigand is lightly wounded.
You closely miss the kobold brigand.
The kobold brigand is lightly wounded.
The kobold brigand hits you but does no damage.
The kobold hits you with a +0 short sword.
The kobold brigand misses you. The kobold completely misses you.
The kobold shouts!
You hit the kobold brigand.
The kobold brigand is lightly wounded.
The kobold brigand misses you. The kobold hits you but does no damage.
You miss the kobold brigand.
The kobold brigand is lightly wounded.
The kobold brigand barely misses you. The kobold completely misses you.
You slice the kobold brigand!!
The kobold brigand is almost dead.
The kobold brigand hits you but does no damage.
The kobold barely misses you. The kobold misses you.
The kobold brigand misses you.
You hit the kobold brigand.
The kobold brigand is almost dead.
The kobold brigand misses you. The kobold hits you but does no damage.
You hit the kobold brigand but do no damage.
The kobold brigand is almost dead.
The kobold brigand hits you with a +0 whip.
The kobold hits you with a +0 short sword.
You barely miss the kobold brigand.
The kobold brigand is almost dead.
The kobold brigand hits you but does no damage.
The kobold hits you with a +0 short sword.
The kobold closely misses you. The kobold brigand misses you.
You slash the kobold brigand!
You kill the kobold brigand!
The kobold closely misses you.
You hit the kobold but do no damage. The kobold barely misses you.
You slice the kobold!!
You kill the kobold!
The kobold misses you.
You slash the kobold!
You kill the kobold!
Items here: )) ††.
p - 9 poisoned darts (gained 3)
You see here a +0 whip.
Items here: )) ††.
Found an encrusted bronze wand.
Things that are here:
a +0 dagger of draining; a stone
F - a +0 dagger of draining Adjust to which letter? (? for menu, Esc to quit)
d - a +0 dagger of draining;
F - a +0 dagger You drop a +0 dagger.
b - a +0 shortbow (weapon)
HP restored.
A wolf comes into view.
Grum the Hunter comes into view.
He is wielding a +0 glaive and carrying a wand of flame (22).
You shoot an arrow. The arrow hits Grum.
Grum growls angrily.
Grum is lightly wounded.
You hear a howl!
Grum stares intently and barks.
A centaur comes into view.
You shoot an arrow. The arrow hits the centaur.
The centaur is lightly wounded.
You hear a howl! x2
You shoot an arrow. The arrow misses the wolf.
The centaur wields a +0 shortbow.
The centaur shoots an arrow.
The arrow barely misses you.
You shoot an arrow. The arrow hits the centaur.
The centaur is moderately wounded.
The centaur shoots an arrow.
The arrow hits you.
You shoot an arrow. The arrow closely misses the centaur.
The centaur shoots an arrow.
The arrow hits you!
The centaur shoots an arrow.
The arrow barely misses you.
You hear a howl!
a - a +2 great sword (weapon)
You closely miss the centaur.
The centaur is moderately wounded.
The centaur unwields a +0 shortbow.
The centaur closely misses you. x2
You barely miss the centaur.
The centaur is moderately wounded.
The centaur closely misses you. The centaur misses you.
Grum hits you from afar with a +0 glaive!!
The centaur completely misses you. The centaur misses you.
A wolf comes into view.
Grum hits you from afar with a +0 glaive!
A wolf comes into view.
The centaur closely misses you.
The centaur kicks you but does no damage.
The wolf howls!
Aiming: Bolt of Light
Press: ? - help, Shift-Dir - straight line, f - wolf, p - centaur
Aim: a wolf (53% to hit)
The bolt of light hits the centaur!
The centaur is almost dead.
The centaur is blinded.
The bolt of light hits Grum!
Grum is moderately wounded.
Grum is blinded.
The bolt of light hits the wolf!
The wolf is moderately wounded.
You slash the centaur!
You kill the centaur!
The wolf completely misses you.
The wolf howls!
You slice the wolf!!
You kill the wolf!
You hit the wolf.
The wolf is lightly wounded.
The wolf bites you. The wolf misses you. x2
You miss the wolf.
The wolf is lightly wounded.
The wolf bites you. The wolf bites you but does no damage.
The wolf attacks as you move away! The wolf bites you.
The wolf completely misses you. The wolf misses you.
The wolf attacks as you move away! The wolf bites you.
* * * LOW HITPOINT WARNING * * *
The wolf bites you but does no damage. The wolf attacks as you move away!
The wolf misses you.
Items here: )) ††.
The wolf misses you.
There is a stone staircase leading up here.
The wolf bites you.
* * * LOW HITPOINT WARNING * * *
The wolf misses you.
You climb upwards.
There is a stone staircase leading down here.
M - a +4 long sword (weapon)
The wolf completely misses you.
You slash the wolf!
The wolf is severely wounded.
The wolf bites you but does no damage. The wolf barely misses you.
You hit the wolf.
The wolf is almost dead.
The wolf closely misses you.
You hit the wolf but do no damage.
The wolf is almost dead.
The wolf misses you. The wolf closely misses you.
You hit the wolf.
You kill the wolf!
Training target 5.0 for Fighting reached!
Your Fighting skill increases to level 5!
Your Long Blades skill increases to level 7!
There is a stone staircase leading down here.
There is a stone staircase leading down here.
a - a +2 great sword (weapon)
You start resting.
HP restored.
b - a +0 shortbow (weapon)
Unknown command.
You climb downwards.
Level annotation: Grum A yak comes into view.
Found a scroll of noise and 17 gold pieces.
Found an escape hatch in the ceiling.
Found a stone staircase leading down.
There is a stone staircase leading up here.
You shoot an arrow. The yak bellows! x2
The arrow hits the yak!
The yak is lightly wounded.
a - a +2 great sword (weapon)
The yak barely misses you.
You climb upwards.
There is a stone staircase leading down here.
You slash the yak!
The yak is moderately wounded.
The yak barely misses you.
You hit the yak.
The yak is moderately wounded.
The yak closely misses you.
You slash the yak!
The yak is severely wounded.
The yak misses you. The yak gores you but does no damage.
You slice the yak!!
You kill the yak!
No target in view!
You see here a yak corpse.
You see here a +0 robe.
There is a stone staircase leading up here.
There is a stone staircase leading down here.
b - a +0 shortbow (weapon)
You climb downwards.
Level annotation: Grum
Found 5 stones and 12 gold pieces.
There is a stone staircase leading up here.
You shoot an arrow. The arrow closely misses the ice beast.
You shoot an arrow. The arrow barely misses the ice beast.
You shoot an arrow. The arrow hits the ice beast!
The ice beast is moderately wounded.
a - a +2 great sword (weapon)
You completely miss the ice beast.
The ice beast is moderately wounded.
The ice beast hits you but does no damage.
The ice beast completely misses you.
You closely miss the ice beast.
The ice beast is moderately wounded.
The ice beast misses you.
You slash the ice beast!
The ice beast is heavily wounded.
The ice beast hits you but does no damage.
You slash the ice beast!
You kill the ice beast!
No target in view!
b - a +0 shortbow (weapon)
A bullfrog comes into view.
You shoot an arrow. The arrow hits the bullfrog.
The bullfrog croaks.
The bullfrog is lightly wounded.
A centaur comes into view.
There is a stone staircase leading up here.
You shoot an arrow.
The arrow completely misses the bullfrog.
You shoot an arrow. The arrow barely misses the bullfrog.
a - a +2 great sword (weapon)
The bullfrog hits you.
You barely miss the bullfrog.
The bullfrog is lightly wounded.
The bullfrog misses you. x2
You closely miss the bullfrog. The bullfrog completely misses you.
The bullfrog misses you.
You barely miss the bullfrog. The bullfrog barely misses you.
The bullfrog hits you.
You slice the bullfrog!!
The bullfrog is almost dead.
The bullfrog hits you.
The centaur unwields a +0 mace.
The centaur wields a +0 shortbow.
The centaur shoots an arrow.
The arrow completely misses you. The bullfrog misses you.
The centaur shoots an arrow.
The arrow closely misses you. The bullfrog misses you.
The centaur shoots an arrow.
The arrow hits you! The bullfrog completely misses you.
You climb upwards.
There is a stone staircase leading down here.
You slice the bullfrog!!
You kill the bullfrog!
You start resting.
HP restored.
You climb downwards.
Level annotation: Grum The centaur shoots an arrow.
The arrow hits you.
The centaur shoots an arrow.
The arrow closely misses you.
There is a stone staircase leading up, spattered with blood here.
The centaur shoots an arrow.
The arrow hits you.
The centaur shoots an arrow.
The arrow hits you!
The centaur shoots an arrow.
The arrow barely misses you.
Found 16 gold pieces.
The centaur unwields a +0 shortbow.
The centaur wields a +0 mace.
The centaur closely misses you.
The centaur kicks you but does no damage.
A vampire comes into view.
The centaur misses you.
The centaur kicks you but does no damage.
You barely miss the centaur. The centaur hits you with a +0 mace.
The centaur kicks you but does no damage.
The centaur hits you with a +0 mace. The centaur closely misses you.
You slash the centaur!
The centaur is heavily wounded.
The centaur hits you with a +0 mace. The centaur closely misses you.
You completely miss the centaur.
The centaur is heavily wounded.
The centaur hits you with a +0 mace. The centaur misses you.
The centaur hits you with a +0 mace. The centaur barely misses you.
You barely miss the centaur.
The centaur is heavily wounded.
The centaur hits you with a +0 mace. The centaur closely misses you. x2
The centaur barely misses you.
You slash the centaur!
The centaur is severely wounded.
The centaur hits you with a +0 mace. The centaur barely misses you. x2
The centaur closely misses you.
You barely miss the centaur.
The centaur is severely wounded.
The centaur closely misses you. x2; The vampire hits you.
The vampire bites you but does no damage.
The centaur barely misses you. The centaur misses you.
The vampire hits you but does no damage.
The vampire misses you.
You slash the centaur!
You kill the centaur!
The vampire barely misses you. The vampire completely misses you.
Aiming: Paralyse
Press: ? - help, Shift-Dir - straight line, f - vampire
Aim: a vampire (chance to affect: 31%)
Okay, then.
Unknown command.
Aiming: Bolt of Light
Press: ? - help, Shift-Dir - straight line, f - vampire
Aim: a vampire (71% to hit)
The bolt of light hits the vampire.
The vampire is lightly damaged.
The vampire is blinded.
The now-empty wand crumbles to dust.
The vampire closely misses you. x2
You catch the helpless vampire completely off-guard!
You slash the vampire!
The vampire is moderately damaged.
The vampire gestures wildly while chanting.
The vampire flickers and vanishes!
Deactivating autopickup; reactivate with Ctrl-A.
You slash something! Something hits you but does no damage.
Something closely misses you. Something hits you.
Something bites you but does no damage.
You slash something! You barely miss something.
There is a stone staircase leading up, spattered with blood here.
You climb upwards.
Reactivating autopickup.
There is a stone staircase leading down here.
There is a stone staircase leading down here.
There is a stone staircase leading up here.
You see here a +0 robe.
You start resting.
HP restored.
Unknown command.
Unknown command.
Something appears at your feet!
Unknown command.
n - the +0 pair of boots of Suxycuarim {rN+ rCorr} You start removing your armour.
You continue taking off your +0 pair of boots. x4
You finish taking off your +0 pair of boots.
You start putting on your armour.
You continue putting on the +0 pair of boots of Suxycuarim {rN+ rCorr}. x5
You finish putting on the +0 pair of boots of Suxycuarim {rN+ rCorr}.
You drop a +0 pair of boots.
Something appears at your feet!
C - the amulet "Nioshretz" {Acrobat rElec Int+3}
Okay, then.
You start putting on your amulet.
You continue putting on the amulet "Nioshretz" {Acrobat rElec Int+3}. x5
You finish putting on the amulet "Nioshretz" {Acrobat rElec Int+3}.
You feel ready to tumble and roll out of harm's way.
You feel clever.
C - the amulet "Nioshretz" (around neck) {Acrobat rElec Int+3}
There is a stone staircase leading down here.
You climb downwards.
Level annotation: Grum The yak gores you but does no damage.
There is a stone staircase leading up here.
The yak closely misses you.
You climb upwards.
There is a stone staircase leading down here.
You hit the yak.
The yak is lightly wounded.
The yak gores you!
You hit the yak.
The yak is moderately wounded.
The yak gores you!
You closely miss the yak.
The yak is moderately wounded.
The yak misses you. The yak gores you.
You hit the yak but do no damage.
The yak is lightly wounded.
The yak gores you.
You barely miss the yak.
The yak is lightly wounded.
The yak gores you!
You hit the yak but do no damage.
The yak is lightly wounded.
The yak gores you! The yak misses you.
You are too injured to fight recklessly!
You barely miss the yak.
The yak is lightly wounded.
The yak misses you.
You barely miss the yak.
The yak is lightly wounded.
The yak barely misses you.
Aiming: Paralyse
Press: ? - help, Shift-Dir - straight line, f - yak
Aim: a yak (lightly wounded, chance to affect: 49%)
The yak resists with some effort.
The yak completely misses you.
Aiming: Paralyse
Press: ? - help, Shift-Dir - straight line, f/p - yak
Aim: a yak (lightly wounded, chance to affect: 49%)
The yak suddenly stops moving!
The helpless yak fails to defend itself.
You hit the yak but do no damage.
The yak is lightly wounded.
The helpless yak fails to defend itself.
You slice the yak!!
The yak is almost dead.
The helpless yak fails to defend itself.
You slice the yak!!
You kill the yak!
Your Dodging skill increases to level 8!
You see here a yak corpse.
There is a stone staircase leading down, spattered with blood here.
You start resting.
HP restored.
Adjust to which letter? (? for menu, Esc to quit)
a - a +4 long sword;
M - a +2 great sword (weapon)
a - a +4 long sword (weapon)
You climb downwards.
Level annotation: Grum
There is a stone staircase leading up here.
b - a +0 shortbow (weapon)
You shoot an arrow. The arrow hits the yak!
The yak is moderately wounded.
You shoot an arrow. The arrow hits the yak.
The yak is moderately wounded.
You shoot an arrow. The arrow hits the yak!
The yak is heavily wounded.
a - a +4 long sword (weapon)
You barely miss the yak.
The yak is heavily wounded.
The yak gores you but does no damage.
You slash the yak!
The yak is almost dead.
The yak gores you.
You barely miss the yak.
The yak is almost dead.
The yak gores you but does no damage.
You hit the yak.
You kill the yak!
No target in view!
b - a +0 shortbow (weapon)
e - 4 scrolls of noise (gained 1)
You enter the shallow water.
Moving in this stuff is going to be slow.
You now have 157 gold pieces (gained 17).
You enter the shallow water.
Moving in this stuff is going to be slow.
A vampire is nearby!
The vampire casts a spell.
The vampire flickers and vanishes!
Deactivating autopickup; reactivate with Ctrl-A.
Something tries to affect you, but you resist.
There is a stone staircase leading up here.
You climb upwards.
Reactivating autopickup.
There is a stone staircase leading down, spattered with blood here.
You start waiting.
Done waiting.
a - a +4 long sword (weapon)
You climb downwards.
Level annotation: Grum The vampire closely misses you.
The vampire barely misses you.
There is a stone staircase leading up here.
You hit the vampire but do no damage. The vampire closely misses you.
The vampire bites you but does no damage.
You barely miss the vampire. The vampire closely misses you. x2
You hit the vampire.
The vampire is lightly damaged.
The vampire completely misses you. The vampire barely misses you.
You slash the vampire!
The vampire is heavily damaged.
The vampire gestures at you while chanting.
You resist with some effort.
You slash the vampire!
The vampire is severely damaged.
The vampire hits you but does no damage.
The vampire completely misses you.
You hit the vampire.
The vampire is almost destroyed.
The vampire hits you! The vampire misses you.
You hit the vampire but do no damage.
The vampire is almost destroyed.
The vampire hits you! The vampire misses you.
You barely miss the vampire.
The vampire is almost destroyed.
The vampire hits you. The vampire closely misses you.
You hit the vampire.
The vampire is almost destroyed.
The vampire closely misses you. The vampire bites you.
You hit the vampire.
The vampire is almost destroyed.
The vampire closely misses you. The vampire completely misses you.
You closely miss the vampire.
The vampire is almost destroyed.
The vampire completely misses you. The vampire bites you.
You barely miss the vampire.
The vampire is almost destroyed.
The vampire closely misses you. x2; The vampire draws life force from you.
The vampire is healed by the life force!
You closely miss the vampire.
The vampire is almost destroyed.
The vampire gestures wildly while chanting.
The vampire flickers and vanishes!
Deactivating autopickup; reactivate with Ctrl-A.
You hit something. Something hits you. Something bites you but does no damage.
You barely miss something. Something hits you.
Something bites you but does no damage.
You hit something.
You hear some strange, mumbled words.
Something tries to affect you, but you resist.
You closely miss something. Something hits you!
* * * LOW HITPOINT WARNING * * *
Something bites you!
* * * LOW HITPOINT WARNING * * *
Something draws strength from your injuries!
You hit something. Something closely misses you. Something bites you!
* * * LOW HITPOINT WARNING * * *
Something draws strength from your injuries!
You hit something.
You hear some strange, mumbled words.
Something tries to affect you, but you resist.
Aiming: Polymorph
Press: ? - help, Shift-Dir - straight line, f - you
Okay, then.
Unknown command.
Okay, then.
Unknown command.
Aiming: Paralyse
Press: ? - help, Shift-Dir - straight line Nothing appears to happen.
Something hits you!
You die...

Skill      XL: |  1  2  3  4  5  6  7  8  9 |
---------------+----------------------------+-----
Fighting       | 1 2 3 4 5 |  5.0
Dodging        | 2 3 4 5 6 8 |  8.2
Stealth        | 1 2 3 4 5 |  5.0
Long Blades    | 1 2 3 4 6 7 |  7.7
Ranged Weapons | |  1.7
Spellcasting   | |  1.0
Hexes          | |  2.6

Action                     |  1- 3 |  4- 6 |  7- 9 || total
---------------------------+-------+-------+-------++-------
  Melee: Short sword       |    47 |   102 |   151 ||   300
         Punch             |       |     1 |     2 ||     3
         Great sword       |       |       |   103 ||   103
         Dagger            |       |       |     1 ||     1
         Long sword        |       |       |    33 ||    33
   Fire: Sling             |   121 |    27 |       ||   148
         Shortbow          |       |    40 |   106 ||   146
  Throw: Dart              |     1 |       |     3 ||     4
  Evoke: Wand              |       |     2 |     8 ||    10
    Use: Scroll            |     7 |     1 |     5 ||    13
         Potion            |       |       |     2 ||     2
   Stab: Invisible         |       |     2 |     2 ||     4
         Sleeping          |       |     2 |     1 ||     3
         Paralysed         |       |       |     4 ||     4
 Armour: Robe              |    10 |    13 |    64 ||    87
  Dodge: Dodged            |    25 |    49 |   201 ||   275

Levels and vault maps discovered:
D:1:      eino_arrival_druids_welcome, layout_rooms,
          minmay_misc_feat_secret_circle
D:2:      layout_basic, basic_ecumenical_altar, basic_altar,
          amcnicky_mini_corridor_feature, minmay_statues_item,
          minmay_tromino_v4_a
D:3:      layout_loops_ring, serial_shops, shop_fountains, nrook_loot_triangle,
          nicolae_grassy_gnolls, uniq_robin, uniq_grinder
D:4:      layout_cave_pools
D:5:      layout_basic, cheibriados_altar_1,
          mainiacjoe_overflow_large_starburst, minmay_temple_entry_glassed_door,
          serial_shops, nicolae_shop_hallway_plus, nicolae_wooded_promenade,
          uniq_menkaure
D:6:      layout_rooms, serial_corexii_hall, chequers_hall_statues_y,
          chequers_hall_statues_y, chequers_hall_statues_wall_a,
          corexii_hall_statues_u, minivault_19
D:7:      layout_layer_cave, nicolae_shop_i_like_big_books
D:8:      layout_basic, kennysheep_little_box, david_lair_generic,
          gammafunk_ghost_grave, serial_rivers, chequers_serial_rivers_small_3,
          chequers_serial_rivers_room_a, chequers_serial_rivers_micro_c,
          chequers_serial_rivers_room_a, uniq_grum

Notes
Turn   | Place    | Note
-------+----------+-------------------------------------------
     0 | D:1      | scionoferis the Demigod Hexslinger began the quest for the
                  | Orb.
     0 | D:1      | Reached XP level 1. HP: 15/15 MP: 4/4
    44 | D:1      | Reached skill level 1 in Fighting
    76 | D:1      | Reached skill level 2 in Dodging
   108 | D:1      | Reached XP level 2. HP: 23/23 MP: 5/5
   260 | D:1      | Reached skill level 1 in Stealth
   744 | D:2      | Reached XP level 3. HP: 28/28 MP: 6/6
  1467 | D:3      | Reached skill level 1 in Long Blades
  1739 | D:3      | Noticed Robin
  1820 | D:3      | Killed Robin
  1821 | D:3      | Reached XP level 4. HP: 34/36 MP: 8/8
  1898 | D:3      | Reached skill level 3 in Dodging
  1927 | D:3      | Noticed Grinder
  1937 | D:3      | Paralysed by Grinder for 5 turns
  1952 | D:3      | Killed Grinder
  1953 | D:3      | Reached skill level 2 in Fighting
  1953 | D:3      | Reached skill level 2 in Long Blades
  1953 | D:3      | Reached skill level 2 in Stealth
  1953 | D:3      | Reached XP level 5. HP: 21/42 MP: 9/9
  2142 | D:2      | Reached XP level 6. HP: 38/50 MP: 10/10
  2243 | D:3      | Reached skill level 4 in Dodging
  2564 | D:3      | Found Lastruh Fiwia's Distillery.
  2568 | D:3      | Bought a potion of curing for 33 gold pieces
  2568 | D:3      | Bought a potion of heal wounds for 55 gold pieces
  2734 | D:3      | Reached skill level 3 in Long Blades
  2770 | D:4      | Identified the +1 leather armour "Jeyn" {Harm rPois Int+3}
  3232 | D:5      | Entered Level 5 of the Dungeon
  3446 | D:5      | Identified the +0 buckler of Eternal Night {*Corrode rF-
                  | MP+9 Str+5}
  3476 | D:5      | Reached XP level 7. HP: 28/56 MP: 11/11
  3591 | D:5      | Noticed Menkaure
  3614 | D:5      | Reached skill level 3 in Stealth
  3622 | D:5      | Killed Menkaure
  3623 | D:5      | Reached skill level 3 in Fighting
  3623 | D:5      | Reached skill level 4 in Long Blades
  3908 | D:5      | Reached skill level 5 in Dodging
  4097 | D:5      | Found Wusche's General Store.
  4102 | D:5      | Bought a potion of might for 44 gold pieces
  4102 | D:5      | Bought a potion of degeneration for 11 gold pieces
  4107 | D:5      | Bought a potion of invisibility for 88 gold pieces
  4150 | D:5      | Found Wigaf's Book Shoppe.
  4155 | D:5      | Found Xuloxzorch's General Store.
  4319 | D:5      | Found a staircase to the Ecumenical Temple.
  4743 | D:6      | Reached XP level 8. HP: 13/64 MP: 12/12
  4966 | D:6      | Reached skill level 5 in Long Blades
  4966 | D:6      | Reached skill level 4 in Stealth
  5262 | D:6      | Reached skill level 6 in Dodging
  5501 | D:7      | Reached skill level 4 in Fighting
  5903 | D:7      | Identified a +1 robe of the Archmagi
  6156 | D:7      | Reached skill level 6 in Long Blades
  6531 | D:7      | Identified a scroll of acquirement
  6664 | D:7      | Reached XP level 9. HP: 72/72 MP: 13/13
  6753 | D:7      | Reached skill level 7 in Dodging
  6853 | D:7      | Reached skill level 5 in Stealth
  6947 | D:7      | Found Beomaso's Tremendous Tomes.
  7398 | D:8      | Noticed Grum
  7425 | D:7      | Reached skill level 5 in Fighting
  7425 | D:7      | Reached skill level 7 in Long Blades
  7850 | D:7      | Acquired the +0 pair of boots of Suxycuarim {rN+ rCorr}
  7864 | D:7      | Acquired the amulet "Nioshretz" {Acrobat rElec Int+3}
  7890 | D:7      | Reached skill level 8 in Dodging
  8191 | D:8      | HP: 3/74 [something (8)]
  8193 | D:8      | Mangled by a vampire

Vanquished Creatures
  Grinder (D:3)
  3 yaks (D:7 D:8)
  Menkaure (D:5)
  3 water moccasins (D:5 D:6 D:7)
  3 ice beasts (D:6 D:7 D:8)
  2 sky beasts (D:7)
  2 orc warriors (D:7 D:6)
  A black bear (D:5)
  2 ogres (D:6 D:7)
  2 wolves (D:8 D:7)
  3 centaurs (D:5 D:8)
  2 phantoms (D:5 D:7)
  A kobold brigand (D:8)
  3 bullfrogs (D:7)
  2 necrophages (D:4 D:5)
  A scorpion (D:6)
  A gnoll sergeant (D:7)
  4 wights (D:7)
  A howler monkey (D:5)
  3 hounds (D:5 D:6)
  An orc priest (D:7)
  A gnoll bouda (D:2)
  2 iguanas (D:5)
  2 orc wizards (D:6 D:7)
  Robin (D:3)
  3 adders (D:3 D:5 D:6)
  6 gnolls (D:2 D:3 D:7)
  2 white imps (D:6 D:7)
  2 ufetubi (D:6)
  3 worms (D:2)
  3 dart slugs (D:1 D:3)
  10 orcs (D:3 D:4 D:7 D:6)
  10 ball pythons (D:1 D:2 D:3 D:4)
  5 endoplasms (D:1 D:2 D:3)
  3 giant cockroaches (D:1 D:2 D:4)
  15 goblins (D:1 D:2 D:3 D:4)
  8 hobgoblins (D:1 D:3 D:4)
  3 jackals (D:3)
  2 quokkas (D:4 D:5)
  7 bats (D:2 D:3)
  5 frilled lizards (D:2 D:3)
  12 kobolds (D:1 D:2 D:3 D:4 D:8)
  4 rats (D:1 D:2)
151 creatures vanquished.

Vanquished Creatures (others)
  7 plants (D:3)
7 creatures vanquished.

Grand Total: 158 creatures vanquished

Table legend: (Time is in decaauts)
 A = Elapsed time spent in this place.
 B = Non-inter-level travel time spent in this place.
 C = Inter-level travel time spent in this place.
 D = Time resting spent in this place.
 E = Time spent auto-exploring this place.
 F = Levels seen in this place.
 G = Mean time per level.
                   A        B        C        D        E       F      G
               +--------+--------+--------+--------+--------+-----+--------+
         Total |   8151 |   7670 |    481 |   1445 |   4477 |   8 | 1018.9 |
       Dungeon |   8151 |   7670 |    481 |   1445 |   4477 |   8 | 1018.9 |
               +--------+--------+--------+--------+--------+-----+--------+

Top non-repeatable levels by time:
     D:7: 2214 daAuts
     D:6: 1264 daAuts
     D:3: 1245 daAuts
     D:5: 1240 daAuts
     D:2: 941 daAuts
     D:1: 548 daAuts
     D:4: 490 daAuts
     D:8: 207 daAuts

Table legend:
 A = Non-vault XP
 B = Vault XP
 C = Vault XP percentage of total XP
 D = Non-vault monster count
 E = Vault monster count
 F = Vault count percentage of total count
                 A         B        C        D         E       F
            +---------+---------+-------+---------+---------+-------
      Total |    4511 |     836 |  15.6 |     129 |      22 |  14.6
            +---------+---------+-------+---------+---------+-------
        D:1 |      35 |       0 |   0.0 |      18 |       0 |   0.0
        D:2 |      22 |      64 |  74.4 |      13 |       5 |  27.8
        D:3 |      51 |     357 |  87.5 |      22 |      14 |  38.9
        D:4 |     110 |       0 |   0.0 |      15 |       0 |   0.0
        D:5 |     752 |     183 |  19.6 |      11 |       1 |   8.3
        D:6 |     775 |       0 |   0.0 |      13 |       0 |   0.0
        D:7 |    2105 |     116 |   5.2 |      29 |       1 |   3.3
        D:8 |     661 |     116 |  14.9 |       8 |       1 |  11.1
            +---------+---------+-------+---------+---------+-------
